That's what allies should do in duos.

Match 21418450
End
Construct Section Command Post
Infantry Section
Selects Indian Artillery Battlegroup
Dingo Light Scout Car
Infantry Section
Infantry Section
Construct Platoon Command Post
Selects Valour
Infantry Training
Selects Gurkha Rifles Section
Gurkha Rifles Section
6-pounder Anti-tank Gun Team
Selects Towed ML 4.2-inch Heavy Mortar
Towed ML 4.2-inch Heavy Mortar
6-pounder Anti-tank Gun Team
Team Weapon Training
Grenade Package
Royal Engineer Section
Selects Volunteer Infantry
Construct Company Command Post
Unlock Towed 17-pounder Anti-tank Guns
17-pounder Anti-tank Gun Team
Selects Off-map Airburst Barrage
Unlock M3 Grant Medium Tanks
Off-map Airburst Barrage
M3 Grant Medium Tank
Gurkha Rifles Section
Armored Vehicle Training
Selects Perimeter Monitor
Ruby
GohanのFans
Fs.Flak lightJagerInfantry
豪师傅
0
0

Comments sign in to comment!

No comments posted yet!